 Dungeon Crawl Stone Soup version 0.26-a0-859-gf57989e088 (webtiles) character file.

Game seed: 14165243611662084969

35 Conn the Firebug (level 3, 0/21 HPs)
             Began as an Octopode Fire Elementalist on Nov 25, 2020.
             Slain by a gnoll
             ... wielding a +0 whip
              (12 damage)
             ... on level 1 of the Dungeon.
             The game lasted 00:02:09 (1502 turns).

Conn the Firebug (Octopode Fire Elementalist)       Turns: 1502, Time: 00:02:09

Health: 0/21       AC:  1    Str:  7    XL:     3   Next: 35%
Magic:  6/6        EV: 13    Int: 18    God:
Gold:   46         SH:  0    Dex: 12    Spells: 2/6 levels left

rFire    . . .     SeeInvis .   e - +0 dagger
rCold    . . .     Faith    .   (no shield)
rNeg     . . .     Spirit   .   (helmet restricted)
rPois    .         Reflect  .   (no amulet)
rElec    .         Harm     .   (no ring)
rCorr    .         Rampage  .   (no ring)
MR       .....                  (no ring)
Stlth    +++.......             (no ring)
HPRegen  0.07/turn              (no ring)
MPRegen  0.10/turn              (no ring)
                                (no ring)
                                (no ring)

@: no status effects
A: almost no armour, stealthy swim, amphibious, 8 rings, constrict 8, camouflage
1, gelatinous body 1
a: no special abilities


You were on level 1 of the Dungeon.
You visited 1 branch of the dungeon, and saw 2 of its levels.

You collected 46 gold pieces.

Inventory:

Hand Weapons
 e - a +0 dagger (weapon)
Scrolls
 b - a scroll of identify {unknown}
 d - 2 scrolls of remove curse {unknown}
Potions
 a - a potion of invisibility {unknown}
 c - 2 potions of curing
 f - a potion of berserk rage {unknown}


   Skills:
 + Level 2.1 Dodging
 + Level 3.0 Stealth
 + Level 2.3 Spellcasting
 + Level 1.5 Conjurations
 + Level 3.6 Fire Magic


You had 2 spell levels left.
You knew the following spells:

 Your Spells              Type           Power        Failure   Level
a - Foxfire               Conj/Fire      ##..         6%          1
b - Conjure Flame         Conj/Fire      ##......     19%         3

Your spell library contained the following spells:

 Spells                   Type           Power        Failure   Level
 Inner Flame              Hex/Fire       #.......     26%         3
 Sticky Flame             Conj/Fire      ##......     52%         4
 Fireball                 Conj/Fire      ##........   86%         5


Dungeon Overview and Level Annotations

Branches:
Dungeon (2/15)

Altars:


Innate Abilities, Weirdness & Mutations

You cannot wear most types of armour.
You are very stealthy in the water. (Stealth+)
You are amphibious.
You can wear up to eight rings at the same time.
You can use your tentacles to constrict eight enemies at once.
Your skin changes colour to match your surroundings (Stealth+).
Your rubbery body absorbs attacks. (AC +1, EV +1)


Message History

There is a stone staircase leading down here.
Okay, then.
You climb downwards.
The gnoll hits you with a +0 whip!
There is a stone staircase leading up here.
A gnoll comes into view. It is wielding a +0 flail.
There is a stone staircase leading up here.
It was a potion of curing.
You feel better. The gnoll closely misses you.
You hit the gnoll. You grab the gnoll. You squeeze the gnoll.
The gnoll is moderately wounded.
You constrict the gnoll. The gnoll hits you with a +0 whip!
The gnoll throws a stone.
The stone hits you.
You release your grip on the gnoll.
The gnoll hits you with a +0 whip!
* * * LOW HITPOINT WARNING * * *
The gnoll throws a stone.
The stone misses you.
You climb upwards.
There is a stone staircase leading down here.
Unknown command.
You feel better. The gnoll hits you with a +0 whip!
Ouch! That really hurt!
You die...

##.##..........# #..........####
#### #######.##.# #... #.##.#
#.## # #.##.# #.## ########.##.#
############.## >...........#
#............##
########.##########.############
#.......g@...# ##############


You could see a gnoll.

Vanquished Creatures
  A gnoll (D:1)
  A leopard gecko (D:2)
  2 giant cockroaches (D:1)
  5 hobgoblins
  2 jackals (D:2)
  A quokka (D:2)
  4 bats (D:1)
  3 frilled lizards (D:1)
  2 goblins
  2 rats
23 creatures vanquished.

Vanquished Creatures (others)
  55 foxfires
55 creatures vanquished.

Grand Total: 78 creatures vanquished

Notes
Turn   | Place    | Note
-------+----------+-------------------------------------------
     0 | D:1      | Conn the Octopode Fire Elementalist began the quest for the
                  | Orb.
     0 | D:1      | Reached XP level 1. HP: 11/11 MP: 3/3
   358 | D:1      | Reached XP level 2. HP: 15/17 MP: 5/5
  1224 | D:2      | Reached XP level 3. HP: 21/21 MP: 3/6
  1228 | D:2      | Learned a level 3 spell: Conjure Flame
  1502 | D:1      | Slain by a gnoll

Illustrated notes

Levels and vault maps discovered:
D:1:      dpeg_arrival_oval, layout_loops_ring, hex_medium
D:2:      layout_rooms, lemuel_round_altar

Skill      XL: |  1  2  3 |
---------------+----------+-----
Stealth        | 3 |  3.0
Dodging        | |  2.1
Spellcasting   | |  2.3
Conjurations   | |  1.5
Fire Magic     | |  3.6

Action                   || total
-------------------------++-------
Melee: Unarmed           ||     6
       Constrict         ||     4
       Tentacles         ||     4
       Dagger            ||     6
 Cast: Foxfire           ||    36
  Use: Potion            ||     2
 Stab: Sleeping          ||     2
Armor: Skin              ||     1
Dodge: Dodged            ||    19

Table legend: (Time is in decaauts)
 A = Elapsed time spent in this place.
 B = Non-inter-level travel time spent in this place.
 C = Inter-level travel time spent in this place.
 D = Time resting spent in this place.
 E = Time spent auto-exploring this place.
 F = Levels seen in this place.
 G = Mean time per level.
                   A        B        C        D        E       F      G
               +--------+--------+--------+--------+--------+-----+--------+
         Total |   1502 |   1446 |     56 |    254 |    916 |   2 |  751.0 |
       Dungeon |   1502 |   1446 |     56 |    254 |    916 |   2 |  751.0 |
               +--------+--------+--------+--------+--------+-----+--------+

Top non-repeatable levels by time:
     D:1: 1328 daAuts
     D:2: 174 daAuts
